 Dungeon Crawl Stone Soup version 0.30-a0-632-g346586fe48 (webtiles) character file.

Game seed: 7714359349634427985

79 wormed the Slasher (level 3, -12/29 HPs)
             Began as a Demigod Gladiator on Jan 13, 2023.
             Killed by divine providence
             ... invoked by an orc priest
              (16 damage)
             ... on level 3 of the Dungeon.
             The game lasted 00:03:01 (2228 turns).

wormed the Slasher (Demigod Gladiator)              Turns: 2228, Time: 00:03:01

Health: -12/29     AC:  4    Str: 15    XL:     3   Next: 95%
Magic:  5/5        EV: 11    Int: 10    God:
Gold:   106        SH:  8    Dex: 19    Spells: 2/2 levels left

rFire   . . .      SeeInvis .    a - +0 long sword
rCold   . . .      Faith    .    r - +0 kite shield
rNeg    . . .      Spirit   .    b - +0 leather armour
rPois   .          Reflect  .    c - +0 helmet
rElec   .          Harm     .    (no cloak)
rCorr   .          Rampage  .    (no gloves)
Will    .....                    (no boots)
Stlth   +                        (no amulet)
HPRegen 0.24/turn                p - ring of flight
MPRegen 0.09/turn                (no ring)

@: about to teleport, flying
A: high MP 1, forlorn, divine attributes
a: no special abilities


You were on level 3 of the Dungeon.
You visited 1 branch of the dungeon, and saw 3 of its levels.

You collected 106 gold pieces.

Inventory:

Hand Weapons
 a - a +0 long sword (weapon)
Missiles
 d - 3 throwing nets (quivered)
 e - a javelin
 f - 15 poisoned darts
Armour
 b - a +0 leather armour (worn)
 c - a +0 helmet (worn)
 r - a +0 kite shield (worn)
Jewellery
 k - a ring of fire
 p - a ring of flight (left hand)
Scrolls
 i - a scroll of teleportation
 q - a scroll of vulnerability {unknown}
 s - 2 scrolls of identify
 u - a scroll of magic mapping
Potions
 g - a potion of flight
 h - a potion of brilliance {unknown}
 j - a potion of resistance {unknown}
 l - a potion of magic {unknown}
 m - a potion of might {unknown}
 n - a potion of heal wounds {unknown}
 o - a potion of curing {unknown}
 t - a potion of lignification {unknown}


   Skills:
 + Level 2.1 Fighting
 * Level 3.5 Long Blades
 + Level 2.1 Throwing
 + Level 1.0 Armour
 + Level 3.0 Dodging
 + Level 1.0 Shields


You had 2 spell levels left.
You didn't know any spells.
Your spell library contained the following spells:

 Spells                   Type           Power      Damage    Failure   Level
 Freeze                   Ice            0%         1d3       85%         1
 Frozen Ramparts          Ice            0%         1d1       99%         3
 Hailstorm                Conj/Ice       0%         3d3       99%         3


Dungeon Overview and Level Annotations

Branches:
Dungeon (3/15)


Innate Abilities, Weirdness & Mutations

You have an increased reservoir of magic. (+10% MP)
You shall have no god before yourself.
Your divine heritage dramatically boosts your attributes as you level up.


Message History

No target in view!
You now have 77 gold pieces (gained 12).
Found a stormy altar of Qazlal.
You now have 89 gold pieces (gained 12).
You now have 99 gold pieces (gained 10).
You now have 106 gold pieces (gained 7).
Found a stone staircase leading down.
Found a stone staircase leading down.
s - 2 scrolls of identify (gained 1)
Found a sparkling altar of Nemelex Xobeh.
You reach down and open the door.
There is an open door here.
There is a stone staircase leading up here.
The orc priest shouts!
An orc priest is nearby!
An orc priest is nearby!
The orc priest hits you with a +0 whip.
You barely miss the orc priest.
The orc priest calls down the wrath of Beogh upon you.
Beogh smites you!
You barely miss the orc priest. The orc priest hits you with a +0 whip.
The orc priest looks satisfied for a moment.
You hit the orc priest but do no damage.
The orc priest hits you with a +0 whip.
* * * LOW HITPOINT WARNING * * *
You slash the orc priest!
The orc priest is heavily wounded.
The orc priest casts a cantrip, but nothing happens.
The orc priest hits you with a +0 whip.
* * * LOW HITPOINT WARNING * * *
You hit the orc priest.
The orc priest is severely wounded.
As you read the scroll of teleportation, it crumbles to dust.
You feel strangely unstable.
The orc priest looks satisfied for a moment.
The orc priest looks satisfied for a moment.
The orc priest invokes the aid of Beogh against you.
Beogh smites you!
Ouch! That really hurt!
You die...

#.......# #.# #.# ##..# #########
#.#####.# #..## #....##.# #.##
##################..#.# #)####
.................##.#.# #)....
###..............##...######.....
#.............).........##.....
#........................#.....
#.............@o..o............
#...................o....##....
#........................##....
#........................##....
#........................##....
#..............#########.####'#
################ #.# #.# #.# #.#
#.####.#


You could see an orc priest and 2 orcs.

Vanquished Creatures
  A gnoll (D:2)
  An adder (D:2)
  2 dart slugs (D:2)
  3 orcs (D:3)
  6 bats
  4 endoplasms
  7 goblins
  4 hobgoblins
  6 jackals
  3 quokkas (D:1)
  6 ball pythons
  A frilled lizard (D:1)
  2 kobolds (D:1)
46 creatures vanquished.

Notes
Turn   | Place    | Note
-------+----------+-------------------------------------------
     0 | D:1      | wormed the Demigod Gladiator began the quest for the Orb.
     0 | D:1      | Reached XP level 1. HP: 17/17 MP: 3/3
   128 | D:1      | Reached XP level 2. HP: 24/24 MP: 4/4
  1001 | D:2      | Reached XP level 3. HP: 26/29 MP: 5/5
  1086 | D:2      | Reached skill level 1 in Armour
  1462 | D:2      | Reached skill level 1 in Shields
  2228 | D:3      | Killed from afar by an orc priest

Illustrated notes

Levels and vault maps discovered:
D:1:      roderic_dead_forest, layout_loops_cross, nicolae_eternal_life,
          glass_columns_c, dreamdust_mushroom_princess
D:2:      layout_rooms, hangedman_abyss_or_decor_lesser_grid, minmay_tall_x
D:3:      layout_basic, okawaru_metal_pillars_3, nicolae_overflow_hidden_temple,
          shapermc_ecumenical_altar_ellora

Skill      XL: |  1  2  3 |
---------------+----------+-----
Long Blades    | 3 |  3.5
Fighting       | 2 |  2.1
Throwing       | 2 |  2.1
Armour         | 1 |  1.0
Dodging        | 3 |  3.0
Shields        | 1 |  1.0

Action                   || total
-------------------------++-------
Melee: Long sword        ||   135
       Punch             ||     1
  Use: Scroll            ||     8
Armor: Leather armour    ||    54
Dodge: Dodged            ||   103
Block: Kite shield       ||     3

Table legend: (Time is in decaauts)
 A = Elapsed time spent in this place.
 B = Non-inter-level travel time spent in this place.
 C = Inter-level travel time spent in this place.
 D = Time resting spent in this place.
 E = Time spent auto-exploring this place.
 F = Levels seen in this place.
 G = Mean time per level.
                   A        B        C        D        E       F      G
               +--------+--------+--------+--------+--------+-----+--------+
         Total |   2264 |   2224 |     40 |    100 |   1701 |   3 |  754.7 |
       Dungeon |   2264 |   2224 |     40 |    100 |   1701 |   3 |  754.7 |
               +--------+--------+--------+--------+--------+-----+--------+

Top non-repeatable levels by time:
     D:1: 961 daAuts
     D:2: 900 daAuts
     D:3: 402 daAuts
